 Dungeon Crawl Stone Soup version 0.22.1-2-g9c5b331 (webtiles) character file.

3527 Lolow the Cleaver (level 10, -5/88 HPs)
             Began as a Hill Orc Fighter on Dec 6, 2018.
             Was an Initiate of Gozag.
             Slain by a blink frog (11 damage)
             ... on level 1 of the Lair of Beasts.
             The game lasted 00:38:14 (6778 turns).

Lolow the Cleaver (Hill Orc Fighter)                Turns: 6778, Time: 00:38:15

Health: -5/88      AC: 14    Str: 22    XL:     10   Next: 8%
Magic:  19/19      EV:  5    Int:  8    God:    Gozag
Gold:   364        SH: 14    Dex: 11    Spells: 6/9 levels left

rFire    . . .     SeeInvis .   a - +0 war axe
rCold    . . .     Gourm    .   c - +0 shield
rNeg     + . .     Faith    .   i - +0 plate armour
rPois    .         Spirit   .   (no helmet)
rElec    .         Reflect  +   (no cloak)
rCorr    .         Harm     .   L - +0 pair of gloves
MR       .....                  (no boots)
Stlth    ..........             E - +3 amulet of reflection
HPRegen  0.24/turn              u - ring of magical power
MPRegen  0.16/turn              x - ring of positive energy

@: about to teleport, gold aura
A: no striking features
a: Potion Petition, Call Merchant, Bribe Branch, Renounce Religion


You were on level 1 of the Lair of Beasts.
You worshipped Gozag.
Gozag was aware of your devotion.
You were hungry.

You visited 2 branches of the dungeon, and saw 9 of its levels.

You collected 1035 gold pieces.
You spent 288 gold pieces at shops.
You paid 383 gold pieces to Gozag.

Inventory:

Hand Weapons
 a - a +0 war axe (weapon)
 b - a +0 longbow
 k - a +0 short sword
 m - a cursed -2 dagger
 v - a +0 spear
Missiles
 e - 226 stones (quivered)
 B - 70 bolts
 D - 71 arrows
 M - 55 sling bullets
Armour
 c - a +0 shield (worn)
 g - a +0 scale mail
 i - a +0 plate armour (worn)
 q - a +0 scale mail
 y - a cursed -1 ring mail
 L - a +0 pair of gloves (worn)
Jewellery
 u - a ring of magical power (left hand)
 x - a ring of positive energy (right hand)
 C - an uncursed ring of flight
 E - a +3 amulet of reflection (around neck)
 G - an uncursed ring of stealth {unknown}
Wands
 H - a wand of digging (17)
 O - a wand of clouds (5)
Scrolls
 h - 3 scrolls of remove curse
 l - 2 scrolls of magic mapping
 s - a scroll of blinking
 t - a scroll of teleportation
 w - 2 scrolls of fog {unknown}
 z - a scroll of enchant armour {unknown}
 F - a scroll of amnesia {unknown}
 I - 2 scrolls of enchant weapon {unknown}
 K - a scroll of noise
 N - a scroll of fear {unknown}
 Q - a scroll of identify
Potions
 d - 2 potions of might
 j - a potion of ambrosia
 n - 4 potions of curing
 o - 2 potions of heal wounds
 r - 2 potions of degeneration
 A - a potion of invisibility
 J - a potion of cancellation {unknown}
 P - 2 potions of berserk rage
 R - a potion of lignification {unknown}


   Skills:
 + Level 7.6 Fighting
 + Level 11.7 Axes
 + Level 0.2 Throwing
 + Level 7.6 Armour
 - Level 0.2 Dodging
 + Level 1.1 Stealth
 + Level 8.0 Shields


You had 6 spell levels left.
You knew the following spells:

 Your Spells              Type           Power        Failure   Level  Hunger
a - Animate Skeleton      Necr           N/A          100%        1    ##.....
b - Apportation           Tloc           #.....       100%        1    ##.....
c - Summon Small Mammal   Summ           #...         100%        1    ##.....

Your spell library contained the following spells:

 Spells                   Type           Power        Failure   Level  Hunger
 Confusing Touch          Hex            #.....       100%        1    ##.....


Dungeon Overview and Level Annotations

Branches:
Dungeon (8/15)             Temple (0/1) D:7            Lair (1/6) D:8

Altars:
Gozag

Shops:
D:5 =   D:7 =!


Message History

A blink frog comes into view. x2
The blink frog gives a loud, deep croak!
You slash the porcupine!
You kill the porcupine!
Your Shields skill increases to level 8!
You slash the blink frog!
The blink frog is heavily wounded.
The blink frog barely misses you.
You closely miss the blink frog.
The blink frog is heavily wounded.
You closely miss the blink frog. The blink frog barely misses you.
The blink frog hits you!
* * * LOW HITPOINT WARNING * * *
The blink frog hits you.
* * * LOW HITPOINT WARNING * * *
As you read the scroll of teleportation, it crumbles to dust.
You feel strangely unstable. You block the blink frog's attack.
The blink frog hits you!
You die...
Your body crumbles into a pile of gold.

#..?. ... #....
...# #.... #...##
###.... #....####
.......##...##..#
.................
.................
#..@.........
#.FFF........
#F...<.......
................
$
.................
.....$...........
.##...###........
$ #... #........
#... .........


You could see 4 blink frogs.

Vanquished Creatures
  A cyclops (D:8)
  An elephant (D:8)
  Joseph (D:8)
  2 hippogriffs
  A hungry ghost (D:8)
  A porcupine (Lair:1)
  An orc warrior (D:7)
  3 phantoms
  3 ogres
  A centaur (D:8)
  2 crocodiles (D:8)
  2 bullfrogs
  A wyvern zombie (D:5)
  A scorpion (D:7)
  3 wights (D:7)
  A howler monkey (D:4)
  2 crimson imps
  A centaur zombie (D:8)
  2 jellies
  An orc priest (D:7)
  An iguana (D:4)
  An orc wizard (D:7)
  2 worker ants (D:7)
  A hound skeleton (D:6)
  A worker ant zombie (D:7)
  18 gnolls
  A howler monkey skeleton (D:7)
  6 adders
  A shadow imp (D:7)
  An adder skeleton (D:5)
  2 worms
  A dart slug (D:2)
  2 leopard geckos
  10 orcs
  5 giant cockroaches
  5 hobgoblins
  20 jackals
  7 kobolds
  A quokka (D:2)
  2 ball pythons
  3 bats (D:3)
  2 frilled lizards
  A giant cockroach zombie (D:5)
  A goblin (D:1)
  A leopard gecko skeleton (D:7)
  3 rats
130 creatures vanquished.

Vanquished Creatures (others)
  An orc (D:8)
1 creature vanquished.

Grand Total: 131 creatures vanquished

Notes
Turn   | Place    | Note
-------+----------+-------------------------------------------
     0 | D:1      | Lolow the Hill Orc Fighter began the quest for the Orb.
     0 | D:1      | Reached XP level 1. HP: 19/19 MP: 1/1
   175 | D:1      | Reached XP level 2. HP: 21/27 MP: 2/2
   799 | D:2      | Reached skill level 3 in Axes
   801 | D:2      | Reached XP level 3. HP: 24/33 MP: 3/3
  1541 | D:2      | Reached XP level 4. HP: 38/40 MP: 4/4
  1655 | D:2      | Found an opulent altar of Gozag.
  1672 | D:2      | Reached skill level 4 in Axes
  2109 | D:2      | Became a worshipper of Gozag Ym Sagoz the Greedy
  2422 | D:3      | Reached XP level 5. HP: 46/46 MP: 5/5
  2594 | D:3      | Noticed a phantom
  2649 | D:3      | Killed a phantom
  2649 | D:3      | Reached skill level 5 in Axes
  2649 | D:3      | Reached XP level 6. HP: 29/53 MP: 6/6
  2820 | D:3      | You fall through a shaft for 2 floors!
  2820 | D:5      | Entered Level 5 of the Dungeon
  2820 | D:5      | Noticed a phantom
  2850 | D:5      | Killed a phantom
  2933 | D:5      | Reached skill level 6 in Axes
  2982 | D:5      | Reached skill level 5 in Armour
  3154 | D:5      | Found Ishrott's Jewellery Emporium.
  3162 | D:5      | Bought an uncursed ring of flight for 192 gold pieces
  3222 | D:5      | Reached XP level 7. HP: 39/60 MP: 7/7
  3674 | D:4      | Reached skill level 5 in Fighting
  3712 | D:4      | Reached skill level 5 in Shields
  3791 | D:4      | Reached skill level 7 in Axes
  4649 | D:6      | Reached XP level 8. HP: 54/69 MP: 8/8
  4658 | D:6      | Learned a level 1 spell: Animate Skeleton
  4660 | D:6      | Learned a level 1 spell: Apportation
  4662 | D:6      | Learned a level 1 spell: Summon Small Mammal
  5241 | D:7      | Noticed a hippogriff
  5247 | D:7      | Killed a hippogriff
  5247 | D:7      | Reached skill level 8 in Axes
  5422 | D:7      | Found Bosto's Distillery.
  5437 | D:7      | Reached skill level 9 in Axes
  5473 | D:7      | Bought a potion of berserk rage for 60 gold pieces
  5473 | D:7      | Bought a potion of curing for 36 gold pieces
  5796 | D:7      | Reached skill level 1 in Stealth
  5796 | D:7      | Reached XP level 9. HP: 78/78 MP: 9/9
  6010 | D:7      | Found Miuret's Jewellery Emporium.
  6174 | D:7      | Found a staircase to the Ecumenical Temple.
  6291 | D:8      | Found a staircase to the Lair.
  6291 | D:8      | Noticed an elephant
  6302 | D:8      | Noticed Joseph
  6311 | D:8      | Reached skill level 10 in Axes
  6349 | D:8      | Killed an elephant
  6373 | D:8      | Killed Joseph
  6373 | D:8      | Reached skill level 11 in Axes
  6656 | D:8      | Noticed a cyclops
  6683 | D:8      | Killed a cyclops
  6683 | D:8      | Reached XP level 10. HP: 36/86 MP: 10/10
  6700 | Lair:1   | Entered Level 1 of the Lair of Beasts
  6778 | Lair:1   | Slain by a blink frog

Skill      XL: |  1  2  3  4  5  6  7  8  9 10 |
---------------+-------------------------------+-----
Axes           | 3 4 5 6 7 9 11 | 11.7
Fighting       | 4 5 6 7 |  7.6
Armour         | 4 5 6 7 |  7.6
Shields        | 4 5 6 7 8 |  8.0
Stealth        | 1 |  1.1
Throwing       | |  0.2
Dodging        | |  0.2

Action                   |  1- 3 |  4- 6 |  7- 9 | 10-12 || total
-------------------------+-------+-------+-------+-------++-------
Melee: War axe           |    70 |   226 |   348 |    19 ||   663
Throw: Stone             |       |     7 |       |       ||     7
Invok: Potion Petition   |       |     1 |     1 |       ||     2
  Use: Scroll            |     2 |     3 |     5 |     1 ||    11
       Potion            |     1 |       |     3 |       ||     4
 Stab: Distracted        |       |       |     1 |       ||     1
  Eat: Ration            |     1 |     1 |     5 |       ||     7
       Chunk             |       |     1 |       |       ||     1
Armor: Plate armour      |    41 |   130 |   143 |     5 ||   319
       Scale mail        |     8 |       |       |       ||     8
Dodge: Dodged            |     9 |    39 |    56 |     5 ||   109
Block: Shield            |    38 |   123 |   221 |     9 ||   391
       Reflection        |       |       |     7 |       ||     7
